[Event "NED-ch U14 Youth 2019"]
[Site "Assen"]
[Date "2019.04.29"]
[Round "3.11"]
[White "Arnold, Lorin"]
[Black "Dekker, Thiemen"]
[Result "1/2-1/2"]
[ECO "C41"]
[WhiteElo "1598"]
[BlackElo "1521"]
[Annotator "NA RC"]
[PlyCount "134"]
[EventDate "2019.04.28"]
[EventType "swiss"]
[EventCountry "NED"]
[SourceTitle "playchess.com"]
[Source "ChessBase"]
[SourceQuality "1"]
[TimeControl "5400+30"]

1. e4 e5 2. d4 d6 3. Bc4 Be7 4. Nf3 Nd7 5. O-O Ngf6 6. c3 O-O 7. Ng5 h6 8. Bxf7+ Rxf7 9. Ne6 Qe8 10. Nxc7 Qd8 11. Nxa8 Nxe4 12. dxe5 Nxe5 13. Be3 Nc6 14. Nd2 Nxd2 15. Qxd2 Bf5 16. Rad1 Qxa8 17. Bf4 Rf6 18. Rfe1 Qd8 19. Re3 Bc2 20. Qxc2 Rxf4 21. Qb3+ Rf7 22. Rf3 Bf6 23. Rfd3 Be5 24. Rf3 Qe7 25. g3 Kf8 26. Rxf7+ Qxf7 27. Qxf7+ Kxf7 28. f4 Bf6 29. Rxd6 Ke7 30. Rd3 Ke6 31. Kf2 h5 32. Ke3 h4 33. g4 g5 34. h3 b6 35. Ke4 gxf4 36. Kxf4 Ne5 37. Re3 Bg7 38. Rxe5+ Bxe5+ 39. Kg5 Bf6+ 40. Kh5 Be7 41. g5 Kf5 42. g6 Bf6 43. c4 Kf4 44. b4 Ke4 45. Kh6 Kd4 46. g7 Bxg7+ 47. Kxg7 Kxc4 48. Kg6 Kxb4 49. Kg5 Ka3 50. Kxh4 Kxa2 51. Kg4 b5 52. h4 b4 53. h5 b3 54. h6 b2 55. h7 b1=Q 56. h8=Q a5 57. Kf4 a4 58. Ke3 Qb3+ 59. Ke4 a3 60. Qh5 Qc2+ 61. Kd4 Kb1 62. Qh1+ Qc1 63. Qe4+ Ka1 64. Qf3 a2 65. Qf5 Qb2+ 66. Kc4 Qc1+ 67. Kd4 Qb2+ 1/2-1/2

[Event "NED-ch U14 Youth 2019"]
[Site "Assen"]
[Date "2019.04.29"]
[Round "3.12"]
[White "De Putter, Sven"]
[Black "Van Kuijk, Vadim"]
[Result "0-1"]
[ECO "B23"]
[WhiteElo "1381"]
[BlackElo "1589"]
[Annotator "NA RC"]
[PlyCount "98"]
[EventDate "2019.04.28"]
[EventType "swiss"]
[EventCountry "NED"]
[SourceTitle "playchess.com"]
[Source "ChessBase"]
[SourceQuality "1"]
[TimeControl "5400+30"]

1. e4 c5 2. Nc3 e6 3. Bc4 Nc6 4. f4 Nge7 5. Nf3 d5 6. Bb3 dxe4 7. Nxe4 Ng6 8. d3 Qc7 9. Qd2 Bd7 10. Qe3 b6 11. f5 Nge7 12. fxe6 fxe6 13. Neg5 Nf5 14. Qe2 O-O-O 15. Nxe6 Ncd4 16. Nfxd4 Nxd4 17. Nxc7 Nxe2 18. Bg5 Nd4 19. Bxd8 Kxd8 20. Nd5 Bd6 21. O-O Bc6 22. Ne3 Re8 23. Nf5 Re2 24. Nh4 g5 25. Nf3 g4 26. Nh4 Be7 27. Rae1 Rxe1 28. Rxe1 Bxh4 29. Re5 Nxb3 30. axb3 Bf6 31. Re6 Bd4+ 32. Kh1 Bd7 33. Rh6 Bxb2 34. Rxh7 a5 35. Rh6 Kc7 36. Rh7 Kc6 37. h4 gxh3 38. gxh3 b5 39. Rh4 Kd5 40. Rh5+ Be5 41. c4+ Kd4 42. Rh7 Bc6+ 43. Kg1 Kxd3 44. cxb5 Bd4+ 45. Kf1 Bxb5 46. Ra7 Kc3+ 47. Ke1 Kb4 48. h4 c4 49. Rb7 cxb3 0-1

[Event "NED-ch U14 Youth 2019"]
[Site "Assen"]
[Date "2019.04.29"]
[Round "3.13"]
[White "Tiggelman, Vincent"]
[Black "De Heij, Mees"]
[Result "0-1"]
[ECO "B50"]
[WhiteElo "1378"]
[BlackElo "1524"]
[Annotator "NA RC"]
[PlyCount "53"]
[EventDate "2019.04.28"]
[EventType "swiss"]
[EventCountry "NED"]
[SourceTitle "playchess.com"]
[Source "ChessBase"]
[SourceQuality "1"]
[TimeControl "5400+30"]

1. e4 c5 2. Nf3 Nc6 3. d3 d6 4. g3 e5 5. Bg2 Bg4 6. Nbd2 Nf6 7. O-O Be7 8. c3 O-O 9. Re1 Qd7 10. Nf1 h6 11. Ne3 Be6 12. h4 Rac8 13. Nh2 Rfd8 14. c4 a6 15. b3 Nd4 16. Rf1 Rb8 17. f4 exf4 18. Rxf4 Nh7 19. Bb2 Bf6 20. Qd2 Be5 21. Rff1 Bxg3 22. Bxd4 cxd4 23. Nf5 Bxf5 24. Rxf5 Bxh4 25. Raf1 Bg5 26. Qe2 Nf6 27. Qf3 0-1

[Event "NED-ch U14 Youth 2019"]
[Site "Assen"]
[Date "2019.04.30"]
[Round "4.1"]
[White "Brandsma, Romayn"]
[Black "Labruyere, Roger"]
[Result "0-1"]
[ECO "B22"]
[WhiteElo "1958"]
[BlackElo "1922"]
[Annotator "NA"]
[PlyCount "68"]
[EventDate "2019.04.28"]
[EventType "swiss"]
[EventCountry "NED"]
[SourceTitle "playchess.com"]
[Source "ChessBase"]
[SourceQuality "1"]
[TimeControl "5400+30"]

1. e4 c5 2. c3 Nf6 3. e5 Nd5 4. g3 d6 5. d4 (5. exd6 e6 6. Bg2 Bxd6 7. Nf3 Nc6 8. O-O O-O 9. d4 cxd4 10. Nxd4 Nxd4 11. Qxd4 Qc7 12. Nd2 Rd8 13. Qc4 Bc5 14. Qe2 Bd7 15. Nb3 Bf8 16. c4 Nb4 17. Bf4 Qc8 18. Na5 Nc6 19. Nxc6 Bxc6 20. Rfd1 Bxg2 21. Rxd8 Qxd8 22. Kxg2 a6 23. Rd1 Qe8 24. Qe4 b5 25. Bd6 bxc4 26. Bxf8 Qxf8 27. Kf3 {½-½ (27) Marcelin,C (2462)-Van Wely,L (2667) Brest 2018}) 5... cxd4 6. cxd4 {[%emt 0:00:00] B22: Sicilian: 2 c3} Nc6 7. Bg2 e6 8. Nf3 Be7 9. O-O O-O 10. Nbd2 $146 ({Predecessor:} 10. exd6 Qxd6 11. Nc3 Rd8 12. Re1 Bd7 13. Ng5 h6 14. Nge4 {½-½ (31) Rozentalis,E (2557)-Westerberg,J (2488) Gothenburg 2016}) 10... dxe5 11. dxe5 Qc7 12. Nc4 b5 13. Ne3 Rd8 14. Nxd5 Rxd5 15. Qc2 Rc5 16. Qd3 Bb7 17. Be3 Rd8 18. Qb1 Rcd5 19. Ng5 {[%emt 0:00:00] [#]} Bxg5 $1 20. Bxg5 {[%emt 0:00:00] [#]} f6 $1 21. Bxd5 (21. Be3 $17 Nxe5 22. Bf4) 21... Rxd5 22. Be3 (22. Bf4 {was called for.} g5 23. Qc1 gxf4 24. Qxf4) 22... Nxe5 23. f3 Rd3 24. Bf4 $2 (24. Qc1 $19 Qd7 25. Qc5) 24... Qc5+ 25. Rf2 Nxf3+ 26. Kf1 Qc4 27. Re2 Rd2 28. Bxd2 Nxd2+ 29. Kf2 Nxb1 30. Rxb1 Qd4+ 31. Re3 f5 32. Ke2 $19 Qc4+ 33. Kd2 Qxa2 34. Kc2 Be4+ 0-1

[Event "NED-ch U14 Youth 2019"]
[Site "Assen"]
[Date "2019.04.30"]
[Round "4.2"]
[White "Van der Hagen, Loek"]
[Black "Pham, Khoi"]
[Result "0-1"]
[ECO "B96"]
[WhiteElo "1931"]
[BlackElo "2140"]
[Annotator "NA"]
[PlyCount "88"]
[EventDate "2019.04.28"]
[EventType "swiss"]
[EventCountry "NED"]
[SourceTitle "playchess.com"]
[Source "ChessBase"]
[SourceQuality "1"]
[TimeControl "5400+30"]

1. e4 c5 2. Nf3 d6 3. d4 cxd4 4. Nxd4 Nf6 5. Nc3 a6 6. Bg5 e6 7. f4 Nbd7 8. Qf3 Qc7 9. O-O-O b5 10. Bd3 Bb7 11. Rhe1 Qb6 12. Nd5 {[%emt 0:07:30] B96: Sicilian Najdorf: 6 Bg5 e6 7 f4, lines other than 7...Qb6 and 7...Be7} (12. Bxf6 Nxf6 13. f5 b4 14. Nce2 e5 15. Nb3 h5 16. Kb1 Be7 17. Nd2 Rc8 18. Nc4 Rxc4 19. Bxc4 Bxe4 20. Qb3 O-O {½-½ (39) Jakovenko,D (2735)-Gelfand,B (2731) Ashdod 2015}) 12... Qxd4 13. Bxb5 Qc5 14. b4 Qc8 15. Nb6 {[%emt 0:17:36] Double Attack} Qc7 16. Nxa8 Bxa8 17. Bxd7+ $146 ({Predecessor:} 17. Bxa6 Be7 18. Qd3 O-O 19. Bb5 h6 {0-1 (30) Bogner,S (2401)-Shneider,A (2532) Cappelle-la-Grande 2008}) 17... Nxd7 18. Qb3 Be7 19. Bxe7 Kxe7 20. Rd4 Rc8 21. Red1 Nb6 22. f5 $2 (22. R1d2 {is a better defense.}) 22... e5 23. Rxd6 Bxe4 {[%emt 0:00:21] Double Attack} 24. f6+ gxf6 25. R6d2 Bf5 26. Rf2 Be6 27. Qf3 f5 28. Qg3 Qc3 29. Qxc3 Rxc3 30. Kb1 e4 31. Re1 Kd6 32. g4 Ke5 33. gxf5 Bxf5 34. Ref1 Be6 35. Re1 f5 36. Kb2 Rh3 $19 37. Rg2 Nc4+ 38. Kc1 e3 39. a4 f4 40. b5 axb5 41. axb5 Ke4 42. Rg7 f3 43. Re7 f2 44. Rxe6+ Kf5 0-1

[Event "NED-ch U14 Youth 2019"]
[Site "Assen"]
[Date "2019.04.30"]
[Round "4.4"]
[White "Catalan, Ciro"]
[Black "Boghossian, Wahe"]
[Result "1-0"]
[ECO "A65"]
[WhiteElo "1599"]
[BlackElo "1820"]
[Annotator "NA"]
[PlyCount "93"]
[EventDate "2019.04.28"]
[EventType "swiss"]
[EventCountry "NED"]
[SourceTitle "playchess.com"]
[Source "ChessBase"]
[SourceQuality "1"]
[TimeControl "5400+30"]

1. d4 Nf6 2. c4 e6 3. Nc3 c5 4. d5 exd5 5. cxd5 d6 6. e4 Be7 7. f3 a6 8. a4 Nbd7 9. Nge2 h6 10. Ng3 Ne5 11. Be3 O-O 12. Be2 Nh7 13. f4 Ng6 14. O-O b6 15. Qd2 Rb8 $16 (15... Re8 $14) 16. Rad1 Qc7 17. e5 dxe5 18. d6 Bxd6 19. Qxd6 Qxd6 20. Rxd6 exf4 21. Bxf4 Nxf4 22. Rxf4 Ng5 23. Rf1 Be6 24. h4 Nh7 25. Bxa6 Nf6 26. Bb5 Bb3 27. Nge4 Ng4 28. Nd2 Be6 29. Re1 h5 30. Nc4 Rfd8 31. Red1 Rf8 32. Nd5 Kh8 33. Ndxb6 Nf6 34. R6d2 Ne4 35. Rd3 Bg4 36. Re1 Nf6 37. Nd5 Bf5 38. Rdd1 Ng4 39. Nde3 Be6 40. Nxg4 hxg4 41. Rd2 g6 42. Ne5 Rfc8 43. Nxg6+ Kg7 44. Nf4 Bf5 45. Rd5 Bh7 46. Rg5+ Kf6 47. Nd5# 1-0

[Event "NED-ch U14 Youth 2019"]
[Site "Assen"]
[Date "2019.04.30"]
[Round "4.5"]
[White "Yeh, Timo"]
[Black "Bartels, Vladimir"]
[Result "1-0"]
[ECO "E43"]
[WhiteElo "1783"]
[BlackElo "1748"]
[Annotator "NA"]
[PlyCount "87"]
[EventDate "2019.04.28"]
[EventType "swiss"]
[EventCountry "NED"]
[SourceTitle "playchess.com"]
[Source "ChessBase"]
[SourceQuality "1"]
[TimeControl "5400+30"]

1. d4 Nf6 2. Nf3 e6 3. c4 b6 4. Nc3 Bb4 5. Bd2 Bb7 6. e3 O-O 7. Bd3 d6 8. O-O c5 9. d5 exd5 10. Nxd5 Bxd2 11. Qxd2 Re8 12. Rfd1 Nbd7 13. Qc2 h6 14. Be2 Nxd5 15. cxd5 Nf6 16. Bc4 Rb8 17. Rab1 a6 18. a4 Re7 19. b4 Qc7 20. Ba2 Rc8 21. bxc5 bxc5 22. Rd3 c4 23. Rd4 Bxd5 24. Nd2 Be6 25. Rc1 d5 26. e4 c3 27. Nb1 Nxe4 28. Bxd5 Bxd5 29. Rxd5 Nd2 30. h3 Qb7 31. Rxd2 Rce8 32. Rdd1 Qb2 33. Qxc3 Qb8 34. Nd2 f6 35. Nf3 Kf8 36. Rb1 Qf4 37. Qd4 Qf5 38. Qd3 Qa5 39. Qd4 Re4 40. Qd6+ Kg8 41. Rd4 R4e6 42. Qd5 Qc3 43. Re4 Qc2 44. Rbe1 1-0

[Event "NED-ch U14 Youth 2019"]
[Site "Assen"]
[Date "2019.04.30"]
[Round "4.7"]
[White "De Winter, Arthur"]
[Black "Kutchoukov, Daniel"]
[Result "1/2-1/2"]
[ECO "B16"]
[WhiteElo "1661"]
[BlackElo "1862"]
[Annotator "NA"]
[PlyCount "99"]
[EventDate "2019.04.28"]
[EventType "swiss"]
[EventCountry "NED"]
[SourceTitle "playchess.com"]
[Source "ChessBase"]
[SourceQuality "1"]
[TimeControl "5400+30"]

1. e4 c6 2. d4 d5 3. Nc3 dxe4 4. Nxe4 Nf6 5. Nxf6+ gxf6 6. Nf3 h5 {[%emt 0:03:20] B16: Caro-Kann: Bronstein-Larsen Variation} (6... Bg4 7. Be2 Nd7 8. h3 Bh5 9. O-O Qc7 10. a4 Bg7 11. a5 O-O 12. Nh4 Bg6 13. Re1 Rad8 14. c3 e6 15. Bf3 Rfe8 {0-1 (81) Kulaots,K (2556)-Kovalenko,I (2684) Tallinn 2016}) 7. Bf4 h4 8. Bc4 h3 9. g3 Bg4 10. c3 $146 ({Predecessor:} 10. Qd3 Bxf3 11. Qxf3 Qxd4 12. Bb3 Qxb2 13. O-O Nd7 14. Bc7 {0-1 (26) Arendarski,L (1893)-Ozgur,E ICC INT 2009}) 10... e6 11. Be2 Bd6 ({Black should play} 11... Qd5 $11) 12. Bxd6 Qxd6 13. Nh4 Qd5 (13... Bxe2 $11 {keeps the balance.} 14. Qxe2 Qd5) 14. Bf3 Bxf3 15. Qxf3 Qg5 16. Qe3 Qxe3+ 17. fxe3 f5 18. Nf3 Nd7 19. Ke2 Nf6 20. Ne5 Ke7 21. Rhg1 Rag8 22. Raf1 Rh7 23. Kd3 Rhh8 24. c4 Rh7 25. Rf3 Rhg7 26. Rff1 Rh7 27. b4 Rhg7 28. Rb1 Ng4 29. Nxg4 fxg4 $11 30. b5 Kd7 31. Rgc1 f5 32. Rc3 cxb5 33. Rxb5 b6 34. c5 bxc5 35. Rcxc5 Kd6 36. Ra5 Rb8 37. e4 fxe4+ 38. Kxe4 Rb2 39. Ra6+ Rb6 40. Rca5 Rf7 41. Rxa7 Rf2 42. R5a6 Rxa6 43. Rxa6+ Kd7 44. Ra7+ Kd6 45. Ra6+ Kd7 46. Ra7+ Kd6 47. a4 Rxh2 48. Kf4 Rd2 49. Kxg4 h2 50. Rh7 1/2-1/2

[Event "NED-ch U14 Youth 2019"]
[Site "Assen"]
[Date "2019.04.30"]
[Round "4.8"]
[White "Slagboom, Leandro"]
[Black "Jakhari, Ansh"]
[Result "1-0"]
[ECO "A14"]
[WhiteElo "1738"]
[BlackElo "1630"]
[Annotator "NA"]
[PlyCount "95"]
[EventDate "2019.04.28"]
[EventType "swiss"]
[EventCountry "NED"]
[SourceTitle "playchess.com"]
[Source "ChessBase"]
[SourceQuality "1"]
[TimeControl "5400+30"]

1. Nf3 d5 2. c4 e6 3. g3 Nf6 4. Bg2 Be7 5. O-O O-O 6. b3 c6 7. Bb2 Nbd7 8. e3 a5 9. Nc3 Rb8 10. Qe2 b6 11. d4 Ba6 12. Rac1 Ra8 13. Rfd1 Qb8 14. e4 Re8 15. e5 Nh5 16. Qd2 g6 17. Ne2 f6 18. exf6 Nhxf6 19. Ne5 Nxe5 20. dxe5 Nh5 21. Nd4 Bb4 22. Qg5 Bb7 23. cxd5 cxd5 24. Nb5 Bc5 25. Bd4 Ba6 26. Bxc5 Bxb5 27. Bd6 Qd8 28. Qxd8 Raxd8 29. Bc7 Rd7 30. Bxb6 Ra8 31. a4 Ba6 32. Bxa5 Be2 33. Rd2 Rxa5 34. Rxe2 Rb7 35. Re3 Rb4 36. f4 Ng7 37. Bh3 Nf5 38. Bxf5 gxf5 39. Rc8+ Kg7 40. Rec3 h6 41. h3 Rd4 42. R3c7+ Kg6 43. g4 fxg4 44. hxg4 h5 45. Rg8+ Kh6 46. Rh8+ Kg6 47. Rg8+ Kh6 48. g5# 1-0

[Event "NED-ch U14 Youth 2019"]
[Site "Assen"]
[Date "2019.04.30"]
[Round "4.9"]
[White "De Heij, Mees"]
[Black "Klaren, Duncan"]
[Result "1/2-1/2"]
[ECO "D40"]
[WhiteElo "1524"]
[BlackElo "1980"]
[Annotator "NA"]
[PlyCount "73"]
[EventDate "2019.04.28"]
[EventType "swiss"]
[EventCountry "NED"]
[SourceTitle "playchess.com"]
[Source "ChessBase"]
[SourceQuality "1"]
[TimeControl "5400+30"]

1. d4 (1. c4 c5 2. Nf3 Nf6 3. e3 e6 4. d4 d5 {½-½ (6) Kurajica,B (2507)-Dizdarevic,E (2495) Zenica 2013}) 1... Nf6 2. c4 c5 3. e3 e6 4. Nc3 d5 5. Nf3 Nc6 6. Be2 Be7 7. h3 {[%emt 0:02:06] D40: Queen's Gambit Declined: Semi-Tarrasch with 5 e3} b6 8. b3 Bb7 9. Bb2 O-O 10. O-O Rc8 11. Qd2 $146 ({Predecessor:} 11. Qc2 Na5 12. dxc5 dxc4 13. b4 Nc6 14. b5 {1-0 (27) Feichtenschlager,G-Coduro,M Landshut 2000}) 11... Qc7 12. Rac1 Qb8 13. Rfd1 Rfd8 14. Qc2 Na5 (14... Nb4 $15 15. Qb1 dxc4 16. bxc4 Bxf3 17. Bxf3 cxd4 18. exd4 Rxc4) 15. Nd2 $2 (15. cxd5 $14 cxd4 16. Nxd4 (16. Rxd4 Nxd5 17. Nxd5 Rxd5 $11) 16... Nxd5 17. Nxd5 Bxd5 18. Qb1) 15... dxc4 ({Better is} 15... cxd4 $19 16. exd4 dxc4 17. bxc4 Rxd4) 16. Nxc4 Nc6 17. dxc5 Bxc5 18. Bf1 a6 {[%emt 0:03:07] [#]} (18... Bf8 $11 {remains equal.}) 19. Ne4 ({Better is} 19. Na4 $1 $16) 19... Nxe4 $1 20. Qxe4 Ne7 21. Qg4 Ng6 $1 22. h4 Rxd1 23. Rxd1 h5 24. Qxh5 Be7 $18 (24... Rd8 $16 25. Be2 Rxd1+ 26. Bxd1 Be4) 25. Bd3 Rc5 26. Be5 Nf8 27. b4 Rb5 28. a4 Rxe5 29. Nxe5 g6 30. Nxg6 fxg6 31. Bxg6 Qc8 32. Bf7+ Kg7 33. Rd4 Qc1+ 34. Kh2 Bd6+ 35. Rxd6 Qc7 36. Qe5+ Kxf7 37. h5 1/2-1/2

[Event "NED-ch U14 Youth 2019"]
[Site "Assen"]
[Date "2019.04.30"]
[Round "4.11"]
[White "Van Kuijk, Vadim"]
[Black "Arnold, Lorin"]
[Result "1-0"]
[ECO "A48"]
[WhiteElo "1589"]
[BlackElo "1598"]
[Annotator "NA"]
[PlyCount "67"]
[EventDate "2019.04.28"]
[EventType "swiss"]
[EventCountry "NED"]
[SourceTitle "playchess.com"]
[Source "ChessBase"]
[SourceQuality "1"]
[TimeControl "5400+30"]

1. d4 Nf6 2. Bf4 g6 3. Nf3 Bg7 4. e3 O-O 5. Nbd2 d6 6. Be2 Nbd7 7. c3 Qe8 8. e4 e5 9. dxe5 dxe5 10. Bg3 b6 11. Bb5 Qe7 12. Bc6 Rb8 13. Qe2 Nh5 14. Qb5 Nxg3 15. hxg3 Nc5 16. Qe2 Qd6 17. Bd5 c6 18. Bc4 b5 19. Bb3 Rd8 20. Rd1 Nxb3 21. Nxb3 Qxd1+ 22. Qxd1 Rxd1+ 23. Kxd1 f5 24. Na5 Rb6 25. Nd2 Ra6 26. b4 Bf6 27. f3 Bd8 28. Ndb3 Bb6 29. Nxc6 Be6 30. Ne7+ Kg7 31. Nc5 Bxc5 32. bxc5 Rxa2 33. Re1 a5 34. c6 1-0

[Event "NED-ch U14 Youth 2019"]
[Site "Assen"]
[Date "2019.04.30"]
[Round "4.13"]
[White "De Putter, Sven"]
[Black "Tiggelman, Vincent"]
[Result "1/2-1/2"]
[ECO "B12"]
[WhiteElo "1381"]
[BlackElo "1378"]
[Annotator "NA"]
[PlyCount "20"]
[EventDate "2019.04.28"]
[EventType "swiss"]
[EventCountry "NED"]
[SourceTitle "playchess.com"]
[Source "ChessBase"]
[SourceQuality "1"]
[TimeControl "5400+30"]

1. e4 c6 2. d4 d5 3. e5 Bf5 4. Nf3 e6 5. Nc3 Nd7 6. Bd3 Bxd3 7. Qxd3 c5 8. Be3 Qb6 9. O-O cxd4 10. Bxd4 Bc5 1/2-1/2

[Event "NED-ch U14 Youth 2019"]
[Site "Assen"]
[Date "2019.05.01"]
[Round "5.1"]
[White "Pham, Khoi"]
[Black "Labruyere, Roger"]
[Result "1-0"]
[ECO "E20"]
[WhiteElo "2140"]
[BlackElo "1922"]
[Annotator "NA"]
[PlyCount "91"]
[EventDate "2019.04.28"]
[EventType "swiss"]
[EventCountry "NED"]
[SourceTitle "playchess.com"]
[Source "ChessBase"]
[SourceQuality "1"]
[TimeControl "5400+30"]

1. d4 Nf6 2. c4 e6 3. Nc3 Bb4 4. f3 c5 5. d5 b5 6. e4 d6 7. Nge2 bxc4 8. Ng3 exd5 9. exd5 Nbd7 10. Bxc4 Nb6 11. Bb5+ Bd7 12. Qe2+ Qe7 13. Bxd7+ Kxd7 14. Nge4 Nfxd5 15. O-O Bxc3 16. bxc3 Rhe8 17. Qb5+ Kc7 18. c4 Nf6 19. Bf4 Nxe4 20. fxe4 Kb7 21. Rad1 Red8 22. a4 a6 23. Qb2 Kc6 24. Qxg7 Qxe4 25. Qxf7 Qxc4 26. Qxh7 Nd5 27. Bg3 Nc3 28. Bxd6 Rxd6 29. Rxd6+ Kxd6 30. Rf6+ Ke5 31. Qe7+ Kd4 32. Rf4+ Kd3 33. Rxc4 Kxc4 34. Qb7 Rf8 35. Qxa6+ Kb3 36. a5 Rf4 37. g3 Rb4 38. Qe6+ c4 39. h4 Ra4 40. a6 Ra2 41. a7 Nb5 42. Qe3+ Kb4 43. Qe1+ Kc5 44. Qe7+ Kb6 45. Qe6+ Kc5 46. Qc8+ 1-0

[Event "NED-ch U14 Youth 2019"]
[Site "Assen"]
[Date "2019.05.01"]
[Round "5.2"]
[White "Bleeker, Kasper"]
[Black "Brandsma, Romayn"]
[Result "0-1"]
[ECO "C45"]
[WhiteElo "1932"]
[BlackElo "1958"]
[Annotator "NA"]
[PlyCount "148"]
[EventDate "2019.04.28"]
[EventType "swiss"]
[EventCountry "NED"]
[SourceTitle "playchess.com"]
[Source "ChessBase"]
[SourceQuality "1"]
[TimeControl "5400+30"]

1. e4 e5 2. Nf3 Nc6 3. d4 exd4 4. Nxd4 Nf6 5. Nxc6 bxc6 6. e5 Qe7 7. Qe2 Nd5 8. c4 Ba6 9. b3 g6 10. g3 Bg7 11. Bb2 O-O 12. Bg2 Rae8 13. O-O Bxe5 14. Bxe5 Qxe5 15. Qxe5 Rxe5 16. cxd5 Bxf1 17. Kxf1 cxd5 18. f4 Re3 19. Bxd5 Rfe8 20. Na3 Re2 21. h4 Rd2 22. Bh1 Ree2 23. Nb5 c6 24. Nc3 Rf2+ 25. Kg1 Kg7 26. Re1 d5 27. a4 Rc2 28. Nb1 Rfe2 29. Rf1 d4 30. Rd1 Re3 31. Kf1 Rxg3 32. Rxd4 Rc1+ 33. Kf2 Rxb3 34. Nd2 Rb2 35. Be4 c5 36. Rd7 c4 37. Ke3 Re1+ 38. Kf3 c3 39. Nb1 c2 40. Bxc2 Rxc2 41. Nd2 Rh1 42. Ne4 Rc4 43. Ng5 Rf1+ 44. Kg3 Rg1+ 45. Kf2 Rxg5 46. fxg5 Rxa4 47. Kf3 Ra1 48. Kg4 a5 49. Ra7 a4 50. Kg3 a3 51. Kh3 a2 52. Kg2 h6 53. Kh2 hxg5 54. hxg5 Kf8 55. Kg2 Rb1 56. Rxa2 Rb5 57. Kf3 Rxg5 58. Kf4 Rf5+ 59. Kg4 Kg7 60. Ra1 Rb5 61. Ra4 Kh6 62. Kh4 g5+ 63. Kg4 f5+ 64. Kg3 Rb3+ 65. Kg2 Kh5 66. Ra8 Kg4 67. Ra2 Kh4 68. Rf2 f4 69. Rf1 f3+ 70. Kf2 Kg4 71. Rc1 Rb2+ 72. Kf1 Kg3 73. Kg1 Re2 74. Kh1 Rh2+ 0-1

[Event "NED-ch U14 Youth 2019"]
[Site "Assen"]
[Date "2019.05.01"]
[Round "5.3"]
[White "Catalan, Ciro"]
[Black "Yeh, Timo"]
[Result "0-1"]
[ECO "E04"]
[WhiteElo "1599"]
[BlackElo "1783"]
[Annotator "NA"]
[PlyCount "112"]
[EventDate "2019.04.28"]
[EventType "swiss"]
[EventCountry "NED"]
[SourceTitle "playchess.com"]
[Source "ChessBase"]
[SourceQuality "1"]
[TimeControl "5400+30"]

1. d4 d5 2. c4 e6 3. Nf3 Nf6 4. g3 dxc4 5. Bg2 Bd7 6. Ne5 Bc6 7. Nxc6 Nxc6 8. Qa4 Qd7 9. Qxc4 Nd5 10. O-O Be7 11. e3 O-O 12. Nc3 Nb6 13. Qe2 Nd5 14. Rd1 Rfd8 15. e4 Nxc3 16. bxc3 Na5 17. Rb1 e5 18. Rb5 Nc6 19. Rd5 Qe6 20. dxe5 Nxe5 21. Rxd8+ Rxd8 22. Rxd8+ Bxd8 23. Qb5 b6 24. Bf4 Ng6 25. Be3 c5 26. Qa4 a5 27. Bh3 Qe7 28. f4 h6 29. Qc6 Nf8 30. Kg2 Nh7 31. Kf3 Qf6 32. Qe8+ Nf8 33. Bf5 g6 34. Bh3 Qd6 35. f5 g5 36. Ke2 Bf6 37. c4 Bd4 38. Bxd4 Qxd4 39. e5 Qe4+ 40. Kd2 g4 41. e6 fxe6 42. fxe6 Qd4+ 43. Ke1 Qe3+ 44. Kf1 Qf3+ 45. Kg1 gxh3 46. Qf7+ Qxf7 47. exf7+ Kxf7 48. Kf2 Kf6 49. g4 Ng6 50. Kg3 Ne5 51. Kxh3 Nxc4 52. Kg3 Ne5 53. Kf4 c4 54. h4 Ng6+ 55. Ke4 Nxh4 56. Kd4 b5 0-1

[Event "NED-ch U14 Youth 2019"]
[Site "Assen"]
[Date "2019.05.01"]
[Round "5.4"]
[White "Van der Hagen, Loek"]
[Black "Roebers, Eline"]
[Result "0-1"]
[ECO "B00"]
[WhiteElo "1931"]
[BlackElo "2077"]
[Annotator "NA"]
[PlyCount "128"]
[EventDate "2019.04.28"]
[EventType "swiss"]
[EventCountry "NED"]
[SourceTitle "playchess.com"]
[Source "ChessBase"]
[SourceQuality "1"]
[TimeControl "5400+30"]

1. e4 b6 2. d4 Bb7 3. Nc3 e6 4. Bd3 Bb4 5. Nge2 Nf6 6. Bd2 d5 7. e5 Nfd7 8. Nb1 Be7 9. O-O c5 10. c3 Nc6 11. Be3 cxd4 12. cxd4 Nb4 13. Nbc3 Nxd3 14. Qxd3 O-O 15. f4 f5 16. Rf3 Nb8 17. Rh3 Ba6 18. Qb1 h6 19. Kh1 Qe8 20. Qg1 h5 21. Ng3 g6 22. Qd1 Nc6 23. a3 Na5 24. Qf3 Kg7 25. Rg1 Rh8 26. Nf1 Nc4 27. Bc1 Rc8 28. Nd2 Nxd2 29. Bxd2 Bc4 30. Qf2 a5 31. Rc1 b5 32. Nd1 b4 33. b3 Ba6 34. axb4 Rxc1 35. Bxc1 axb4 36. Qd2 Qb5 37. Rf3 Rc8 38. Rf2 Qd3 39. Rf3 Qxd2 40. Bxd2 Be2 41. Ne3 Bxf3 42. gxf3 Ra8 43. Nc2 Rb8 44. Kg2 Kf7 45. Kf2 Rc8 46. Nxb4 Bxb4 47. Bxb4 Rb8 48. Bc5 Rxb3 49. Kg3 Rb2 50. h3 Ke8 51. Kh4 Rg2 52. Be7 Kd7 53. Bc5 Kc6 54. Ba3 Kb5 55. Bc5 Kc4 56. Bb6 Kd3 57. Bc5 Ke3 58. Bb4 Kxf4 59. Bd2+ Kxf3 60. Bf4 Ke4 61. Be3 Rh2 62. Bg1 Rh1 63. Bf2 Kf3 64. Bg1 g5+ 0-1

[Event "NED-ch U14 Youth 2019"]
[Site "Assen"]
[Date "2019.05.01"]
[Round "5.5"]
[White "Kutchoukov, Daniel"]
[Black "Slagboom, Leandro"]
[Result "1/2-1/2"]
[ECO "B51"]
[WhiteElo "1862"]
[BlackElo "1738"]
[Annotator "NA"]
[PlyCount "77"]
[EventDate "2019.04.28"]
[EventType "swiss"]
[EventCountry "NED"]
[SourceTitle "playchess.com"]
[Source "ChessBase"]
[SourceQuality "1"]
[TimeControl "5400+30"]

1. e4 c5 2. Nf3 d6 3. Bb5+ Nd7 4. O-O Ngf6 5. Re1 a6 6. Bf1 b6 7. d3 Bb7 8. Nc3 e6 9. g3 Be7 10. Bg2 Qc7 11. Nd2 O-O 12. f4 Rfd8 13. g4 b5 14. g5 Ne8 15. Qg4 Nb6 16. Re3 g6 17. Rh3 Ng7 18. Nf3 d5 19. Nd2 d4 20. Ne2 c4 21. Ng3 cxd3 22. cxd3 Nd7 23. e5 Bxg2 24. Kxg2 Nf5 25. Nde4 Qxc1 26. Rxc1 Ne3+ 27. Kf3 Nxg4 28. Kxg4 Rac8 29. Rg1 Rc2 30. Nf6+ Bxf6 31. gxf6 Rxb2 32. Ne4 h5+ 33. Kf3 Kf8 34. Rg5 Rxa2 35. Rgxh5 gxh5 36. Rxh5 Kg8 37. Rg5+ Kh7 38. Rg7+ Kh6 39. Ng5 {Kh7 Ne4+ Kh8} 1/2-1/2

[Event "NED-ch U14 Youth 2019"]
[Site "Assen"]
[Date "2019.05.01"]
[Round "5.6"]
[White "Boghossian, Wahe"]
[Black "De Winter, Arthur"]
[Result "0-1"]
[ECO "A35"]
[WhiteElo "1820"]
[BlackElo "1661"]
[Annotator "NA"]
[PlyCount "66"]
[EventDate "2019.04.28"]
[EventType "swiss"]
[EventCountry "NED"]
[SourceTitle "playchess.com"]
[Source "ChessBase"]
[SourceQuality "1"]
[TimeControl "5400+30"]

1. Nf3 Nf6 2. d4 g6 3. c4 Bg7 4. Nc3 O-O 5. e3 c5 6. Be2 cxd4 7. Nxd4 Nc6 8. O-O Nxd4 9. exd4 d5 10. c5 b6 11. b4 a5 12. Ba3 Ne4 13. Na4 axb4 14. Bxb4 bxc5 15. Nxc5 Bf5 16. Re1 Nd6 17. Bf3 Nb5 18. Nb3 Re8 19. a4 Nc7 20. Ba5 Qd7 21. Rc1 Ne6 22. g4 Be4 23. Be2 Qxa4 24. Ra1 Qd7 25. f3 Ng5 26. Nc5 Nh3+ 27. Kf1 Qd6 28. Kg2 Nf4+ 29. Kh1 Nxe2 30. Qxe2 Bxd4 31. Nb7 Qc6 32. fxe4 Bxa1 33. Rxa1 Qxb7 0-1